 Dungeon Crawl Stone Soup version 0.18.1-48-g4cf74bf (webtiles) character file.

14996 PossumBlood the Warrior (level 11, -2/118 HPs)
             Began as a Minotaur Fighter on Aug 22, 2016.
             Was the Champion of Okawaru.
             Slain by an orc knight
             ... wielding a +0 dire flail
              (14 damage)
             ... on level 2 of the Orcish Mines.
             The game lasted 00:33:14 (9847 turns).

PossumBlood the Warrior (Minotaur Fighter)          Turns: 9847, Time: 00:33:14

Health: -2/118     AC: 22    Str: 32    XL:     11   Next: 96%
Magic:  17/19      EV: 11    Int:  5    God:    Okawaru [******]
Gold:   433        SH: 12    Dex:  9    Spells: 0 memorised, 10 levels left

rFire  x . .     SeeInvis .     Y - +8 war axe "Naygigg" {chop, Str+2}
rCold  + + .     Gourm    .     i - +1 ice dragon armour
rNeg   . . .     Faith    .     c - +0 shield
rPois  .         Spirit   .     T - +2 hat
rElec  .         Dismiss  .     N - +1 cloak
rCorr  .         Reflect  .     (no gloves)
SustAt .         Harm     .     (no boots)
MR     .....                    H - amulet of regeneration
Stlth  +.........               (no ring)
                                p - ring of magical power

@: mighty, about to teleport, heroism, not resistant to hostile enchantments,
very unstealthy
A: retaliatory headbutt, horns 2
a: Heroism, Finesse, Renounce Religion


You were on level 2 of the Orcish Mines.
You worshipped Okawaru.
Okawaru was exalted by your worship.
You were not hungry.

You visited 3 branches of the dungeon, and saw 13 of its levels.
You also visited: Ossuary.

You collected 1112 gold pieces.
You spent 679 gold pieces at shops.

Inventory:

Hand Weapons
 a - a +6 war axe of electrocution
 K - the +8 whip "Snakebite" {curare, rPois}
   (You found it on level 8 of the Dungeon)

   It poisons the flesh of those it strikes.
   It protects you from poison.
 Y - the +8 war axe "Naygigg" (weapon) {chop, Str+2}
   (You bought it in a shop on level 1 of the Orcish Mines)

   It inflicts extra damage upon your enemies.
   It affects your strength (+2).
Missiles
 B - 10 tomahawks (quivered)
 Z - 8 steel tomahawks
Armour
 c - a +0 shield (worn)
 i - a +1 ice dragon armour (worn)
 v - a +0 cloak
 N - a +1 cloak (worn)
 T - a +2 hat (worn)
 U - a +0 plate armour
Rods
 P - a +6 rod of inaccuracy (9/9)
   (You found it on level 9 of the Dungeon)
Jewellery
 p - a ring of magical power (left hand)
 H - an amulet of regeneration (around neck)
Wands
 l - a wand of lightning (11/15)
 G - a wand of iceblast (5/15)
 M - a wand of flame (34/48)
 O - a wand of iceblast (7/15)
 S - a wand of disintegration (10/24)
 X - a wand of flame (39/48)
Scrolls
 o - 2 scrolls of fear
 r - a scroll of brand weapon
 s - 2 scrolls of teleportation
 A - a scroll of magic mapping
 C - a scroll of recharging
 D - a scroll of amnesia
 J - a scroll of blinking
 L - 4 scrolls of identify
 W - a scroll of remove curse
Potions
 b - 2 potions of flight
 d - 3 potions of might
 e - 4 potions of cancellation
 g - 2 potions of haste
 h - 2 potions of berserk rage {unknown}
 j - a potion of curing
 k - 2 potions of cure mutation {unknown}
 m - a potion of mutation {unknown}
 q - 2 potions of agility {unknown}
 t - a potion of lignification
 u - 2 potions of invisibility {unknown}
 w - 2 potions of beneficial mutation {unknown}
 x - a potion of resistance {unknown}
 z - a potion of brilliance {unknown}
 I - a potion of heal wounds {unknown}
Books
 y - a book of Dreams

   Spells                             Type                      Level
   a - Ensorcelled Hibernation        Hexes/Ice                    2
   b - Silence                        Hexes/Air                    5
   c - Darkness                       Hexes                        6
   d - Shadow Creatures               Summoning                    6
 F - a Necronomicon

   Spells                             Type                      Level
   a - Haunt                          Necromancy/Summoning         7
   b - Borgnjor's Revivification      Necromancy                   8
   c - Death's Door                   Charms/Necromancy            8
   d - Necromutation                  Transmutation/Necromancy     8
 R - a book of the Sky

   Spells                             Type                      Level
   a - Summon Lightning Spire         Summoning/Air                4
   b - Airstrike                      Air                          4
   c - Silence                        Hexes/Air                    5
   d - Deflect Missiles               Charms/Air                   6
   e - Conjure Ball Lightning         Conjuration/Air              6
   f - Tornado                        Air                          9
Comestibles
 f - 5 bread rations
 n - 5 meat rations
 E - 8 royal jellies
 Q - a beef jerky
 V - a slice of pizza


   Skills:
 * Level 17.7(22.7) Fighting
 + Level 4.5(9.5) Axes
 + Level 13.2(18.2) Armour
 - Level 3.6(8.6) Shields


You had 10 spell levels left.
You didn't know any spells.

Dungeon Overview and Level Annotations

Branches:
Dungeon (10/15)            Temple (1/1) D:5            Lair (0/8) D:10
    Orc (2/2) D:9
    Elf: Orc:2

Altars:
Ashenzari
Cheibriados
Dithmenos
Elyvilon
Fedhas
Gozag
Kikubaaqudgha
Makhleb
Nemelex Xobeh
Okawaru
Pakellas
Qazlal
Ru
Sif Muna
Trog
Vehumet
Xom
Yredelemnul
Zin
The Shining One

Shops:
D:5 ?   Orc:1 }:(


Innate Abilities, Weirdness & Mutations

You reflexively headbutt those who attack you in melee.
You have a pair of horns on your head.


Message History

* * * LOW HITPOINT WARNING * * *
The orc knight hits you with a dire flail.
* * * LOW HITPOINT WARNING * * *
The orc high priest calls down the wrath of Beogh upon you.
Pain shoots through your body!
* * * LOW HITPOINT WARNING * * *
The red devil barely misses you. x2
You closely miss the orc knight.
The orc knight is heavily wounded.
The orc hits you but does no damage. The orc knight closely misses you.
The orc high priest hits you from afar with a trident.
* * * LOW HITPOINT WARNING * * *
The red devil closely misses you.
The red devil hits you from afar with a trident!
* * * LOW HITPOINT WARNING * * *
Read which item? (? for menu, Esc to quit)
As you read the scroll of teleportation, it crumbles to dust.
You feel strangely unstable. You block the orc's attack.
The orc knight hits you with a dire flail!
You die...

........ .......
#.....# #.....#
###84..8# ..
##.#o44..#
..#######..#)[o..#..
.......#...)@o.....$
.......#...).##.....
#..........## #..
..........###
....#....##
#...)#.####
.......#...#.##
.#..#.#)#)...<#
.............##


You could see an orc knight, an orc high priest, 3 red devils and an orc.

Vanquished Creatures
  The ghost of PossumBlood the Fighter, a novice MiFi of Okawaru (D:8)
  The ghost of Anatei the Ducker, a novice TrWn of Trog (D:9)
  A deep elf knight (D:9)
  An unseen horror (D:10)
  2 hill giants (D:10)
  An orc knight (Orc:2)
  A griffon (D:10)
  2 orc sorcerers (Orc:2)
  Maurice (Orc:1)
  An elephant (D:10)
  A centaur skeleton (D:10)
  3 trolls
  13 yaks
  A wraith (D:9)
  A hill giant zombie (D:9)
  2 wyverns
  2 hippogriffs (D:10)
  A warg (Orc:1)
  A hungry ghost (D:9)
  3 sky beasts
  9 orc warriors
  2 black bears
  An ice beast (D:6)
  2 necrophages
  2 phantoms
  4 ogres
  A centaur (D:7)
  3 crocodiles
  2 big kobolds
  Blork the orc (Orc:2)
  2 giant frogs
  2 scorpions (D:4)
  2 troll zombies (D:9)
  15 wights
  A howler monkey (D:4)
  4 crimson imps
  A hound (D:6)
  11 orc priests
  A gnoll shaman (D:6)
  6 jellies
  A giant frog skeleton (D:10)
  12 orc wizards
  2 iguanas
  7 worker ants
  5 ogre zombies (D:9)
  A hound zombie (D:10)
  A hound skeleton (D:4)
  8 mummies (Ossuary)
  A worker ant zombie (D:7)
  A howler monkey zombie (D:10)
  A howler monkey skeleton (D:10)
  11 gnolls
  18 adders
  2 shadow imps
  6 oozes
  2 adder skeletons
  6 worms
  8 giant geckos
  43 orcs
  4 giant cockroaches
  8 goblins
  7 hobgoblins
  5 jackals
  3 quokkas
  3 ball pythons
  6 bats
  6 giant newts
  A goblin zombie (D:9)
  3 hobgoblin skeletons (D:9)
  4 hobgoblin zombies
  11 kobolds
  6 kobold zombies (Ossuary)
  An orc skeleton (D:9)
  18 orc zombies (D:9)
  11 rats
  A fungus (D:10)
346 creatures vanquished.

Vanquished Creatures (others)
  4 fungi (D:6)
4 creatures vanquished.

Grand Total: 350 creatures vanquished

Notes
Turn   | Place    | Note
--------------------------------------------------------------
     0 | D:1      | PossumBlood the Minotaur Fighter began the quest for the Orb.
     0 | D:1      | Reached XP level 1. HP: 19/19 MP: 0/0
   122 | D:1      | Reached skill level 4 in Fighting
   294 | D:1      | Reached XP level 2. HP: 27/27 MP: 1/1
   849 | D:2      | Reached XP level 3. HP: 35/35 MP: 2/2
   966 | D:2      | Reached skill level 5 in Fighting
  1296 | D:2      | Reached XP level 4. HP: 42/42 MP: 3/3
  1963 | D:3      | Reached skill level 5 in Armour
  2016 | D:3      | Reached XP level 5. HP: 41/50 MP: 4/4
  2315 | D:4      | Reached skill level 6 in Fighting
  2349 | D:4      | Found a sand-covered staircase.
  2354 | Ossuary  | Entered an ossuary
  2694 | Ossuary  | Reached XP level 6. HP: 46/58 MP: 5/5
  2757 | Ossuary  | Reached skill level 7 in Fighting
  3478 | D:4      | Reached skill level 8 in Fighting
  3483 | D:4      | Reached XP level 7. HP: 48/68 MP: 6/6
  4067 | D:4      | Reached skill level 9 in Fighting
  4337 | D:5      | Entered Level 5 of the Dungeon
  4353 | D:5      | Found Apnyeck's Magic Scroll Shop.
  4361 | D:5      | Bought a scroll of enchant weapon for 97 gold pieces
  4361 | D:5      | Bought a scroll of magic mapping for 45 gold pieces
  4361 | D:5      | Bought a scroll of enchant armour for 97 gold pieces
  4361 | D:5      | Bought a scroll of enchant weapon for 97 gold pieces
  4361 | D:5      | Bought a scroll of enchant weapon for 97 gold pieces
  4429 | D:5      | Found a staircase to the Ecumenical Temple.
  4441 | Temple   | Entered the Ecumenical Temple
  4457 | Temple   | Became a worshipper of Warmaster Okawaru
  4912 | D:5      | Reached * piety under Okawaru
  4912 | D:5      | Reached skill level 10 in Fighting
  4912 | D:5      | Reached XP level 8. HP: 63/79 MP: 7/7
  5010 | D:5      | Found a glowing drain.
  5358 | D:6      | Found a sacrificial altar of Ru.
  5361 | D:6      | Found a radiant altar of Vehumet.
  5375 | D:6      | Found a sparkling altar of Nemelex Xobeh.
  5378 | D:6      | Found a bloodstained altar of Trog.
  5437 | D:6      | Reached skill level 11 in Fighting
  5925 | D:7      | Reached ** piety under Okawaru
  6074 | D:7      | Reached XP level 9. HP: 84/90 MP: 8/8
  6200 | D:7      | Reached skill level 12 in Fighting
  6593 | D:8      | Found a bloodstained altar of Trog.
  6936 | D:8      | Noticed PossumBlood's ghost (novice MiFi)
  6960 | D:8      | Killed PossumBlood's ghost
  6960 | D:8      | Reached *** piety under Okawaru
  6960 | D:8      | Reached skill level 13 in Fighting
  7364 | D:8      | Reached skill level 10 in Armour
  7628 | D:9      | Reached **** piety under Okawaru
  7628 | D:9      | Reached skill level 14 in Fighting
  7628 | D:9      | Reached XP level 10. HP: 62/103 MP: 9/9
  7649 | D:9      | Found a staircase to the Orcish Mines.
  7660 | D:9      | Noticed Anatei's ghost (novice TrWn)
  7691 | D:9      | Killed Anatei's ghost
  8035 | D:9      | Reached ***** piety under Okawaru
  8035 | D:9      | Reached skill level 15 in Fighting
  8117 | D:9      | Noticed a deep elf knight
  8123 | D:9      | Killed a deep elf knight
  8423 | D:9      | Reached skill level 16 in Fighting
  8423 | D:9      | Reached XP level 11. HP: 65/114 MP: 10/10
  8600 | D:10     | Entered Level 10 of the Dungeon
  8663 | D:10     | Found a staircase to the Lair.
  8695 | D:10     | Noticed a hill giant
  8701 | D:10     | Killed a hill giant
  8742 | D:10     | Received a gift from Okawaru
  8812 | D:10     | Noticed a griffon
  8818 | D:10     | Killed a griffon
  8873 | D:10     | Killed an unseen horror
  8873 | D:10     | Reached ****** piety under Okawaru
  8916 | D:10     | Noticed a hill giant
  8923 | D:10     | Killed a hill giant
  9050 | D:10     | Reached skill level 17 in Fighting
  9298 | Orc:1    | Entered Level 1 of the Orcish Mines
  9311 | Orc:1    | Noticed Maurice
  9321 | Orc:1    | Killed Maurice
  9389 | Orc:1    | Found Bafeod's Antique Weapon Emporium.
  9397 | Orc:1    | Bought a brightly glowing war axe for 246 gold pieces
  9397 | Orc:1    | Identified the +8 war axe "Naygigg" {chop, Str+2} (You bought it in a shop on level 1 of the Orcish Mines)
  9400 | Orc:1    | Found Jeopnav's Book Shoppe.
  9577 | Orc:1    | Found Kyrr's Gadget Shoppe.
  9796 | Orc:2    | Entered Level 2 of the Orcish Mines
  9813 | Orc:2    | Noticed an orc knight
  9818 | Orc:2    | Noticed Blork the orc
  9821 | Orc:2    | Noticed an orc sorcerer
  9821 | Orc:2    | Killed an orc knight
  9827 | Orc:2    | Killed an orc sorcerer
  9827 | Orc:2    | Killed Blork the orc
  9830 | Orc:2    | Noticed an orc sorcerer
  9833 | Orc:2    | Noticed an orc knight
  9836 | Orc:2    | Noticed an orc high priest
  9836 | Orc:2    | Killed an orc sorcerer
  9836 | Orc:2    | Received a gift from Okawaru
  9847 | Orc:2    | Slain by an orc knight

Skill      XL: |  1  2  3  4  5  6  7  8  9 10 11 |
---------------+----------------------------------+-----
Fighting       | 4 5 6 8 10 11 14 16 17 | 17.7
Armour         | 4 5 6 7 8 10 11 13 | 13.2
Axes           | 4 |  4.5
Shields        | |  3.6

Action                   |  1- 3 |  4- 6 |  7- 9 | 10-12 || total
-------------------------+-------+-------+-------+-------++-------
Melee: War axe           |    64 |   162 |   312 |   267 ||   805
       Headbutt          |    11 |    23 |    52 |    48 ||   134
Invok: Heroism           |       |       |       |     1 ||     1
  Use: Scroll            |     4 |     7 |    11 |     4 ||    26
       Potion            |       |       |     2 |     4 ||     6
  Eat: Fruit             |     1 |     3 |     4 |     4 ||    12
       Bread ration      |       |     2 |     1 |     1 ||     4
       Pizza             |       |       |     1 |       ||     1
       Royal jelly       |       |       |     1 |     1 ||     2
Armor: Ice dragon armour |    27 |    74 |   165 |   189 ||   455
       Scale mail        |     2 |       |       |       ||     2
Dodge: Dodged            |    23 |    50 |    88 |    90 ||   251
Block: Shield            |    45 |    73 |   144 |   140 ||   402
